[Event "Team 45 45 League T46"]
[Site "Internet Chess Club"]
[Date "2010.08.28"]
[Round "4"]
[White "chesskix"]
[Black "BotanicalKnight"]
[Result "0-1"]
[WhiteElo "1434"]
[BlackElo "1556"]
[Opening "Dutch defense, Rubinstein variation"]
[ECO "A84"]
[Time "20:04:19"]
[TimeControl "2700+45"]

1. d4 f5 2. c4 e6 3. Nc3 Nf6 4. Bg5 Be7 5. Nf3 d6 6. e3 O-O 7. Bd3 Nbd7 8. Qc2
Ng4 9. Bxe7 Qxe7 10. h3 Ngf6 11. Nd2 c6 12. O-O-O d5 13. cxd5 cxd5 14. f3 b5 15.
Bxb5 a6 16. Bd3 Bb7 17. Nb3 a5 18. a4 Qb4 19. Kb1 Nb6 20. Nc5 Rab8 21. Nxe6 Rfc8
22. Nc5 Nc4 23. Bxc4 dxc4 24. Qxf5 Be4+ {White resigns} 0-1

[Event "Team 45 45 League T46"]
[Site "Internet Chess Club"]
[Date "2010.08.30"]
[Round "4"]
[White "Rapidcitychess"]
[Black "stan-beers"]
[Result "1-0"]
[WhiteElo "1529"]
[BlackElo "1505"]
[Opening "King's pawn opening"]
[ECO "B07"]
[Time "13:00:55"]
[TimeControl "2700+45"]

1. e4 d6 2. d4 Nd7 3. Nc3 Ngf6 4. Nf3 h6 5. Bc4 e5 6. O-O c6 7. a4 Be7 8. h3 Qc7
9. Bb3 g5 10. Be3 Nf8 11. Qd2 Ne6 12. Rfd1 Nf4 13. Bxf4 gxf4 14. Kh2 Rg8 15. Qe2
Qd7 16. dxe5 Rxg2+ 17. Kxg2 Qxh3+ 18. Kg1 Bg4 19. Qf1 Qxf3 20. Rd3 O-O-O 21.
Rxf3 Bxf3 22. exf6 Rg8+ 23. Kh2 Bxf6 24. Qh3+ Bg4 25. Rg1 f3 26. Qxg4+ Rxg4 27.
Rxg4 Be5+ 28. Kh3 f6 29. Kh4 Kc7 30. Rg6 {Black resigns} 1-0

[Event "Team 45 45 League T46"]
[Site "Internet Chess Club"]
[Date "2010.08.28"]
[Round "4"]
[White "OGO"]
[Black "XxATNxX"]
[Result "1-0"]
[WhiteElo "1565"]
[BlackElo "1311"]
[Opening "French defense"]
[ECO "C01"]
[Time "13:00:27"]
[TimeControl "2700+45"]

1. e4 e6 2. d4 b6 3. Nc3 Bb7 4. Bd2 Nf6 5. Bd3 Bb4 6. Nge2 Nc6 7. O-O Bxc3 8.
Bxc3 Ne7 9. Ng3 d5 10. e5 Ne4 11. Qg4 Nxg3 12. Qxg3 Ng6 13. Rae1 a5 14. Bd2 h6
15. Bxg6 fxg6 16. Qxg6+ Kd7 17. f4 c5 18. f5 exf5 19. Qxf5+ Kc7 20. Qf7+ Kb8 21.
e6 Qh4 22. e7 Ka7 23. e8=Q Raxe8 24. Rxe8 Rxe8 25. Qxe8 Qxd4+ 26. Be3 Qxb2 27.
Qe7 Qxc2 28. h3 Qxa2 29. Rf7 Qb1+ 30. Kh2 {Black resigns} 1-0

[Event "Team 45 45 League T46"]
[Site "Internet Chess Club"]
[Date "2010.08.30"]
[Round "4"]
[White "theartist"]
[Black "bowwrestler"]
[Result "0-1"]
[WhiteElo "1190"]
[BlackElo "1171"]
[Opening "Queen's Indian accelerated"]
[ECO "E12"]
[Time "12:31:00"]
[TimeControl "2700+45"]

1. d4 Nf6 2. c4 b6 3. Nf3 Bb7 4. Nc3 e6 5. Qc2 d5 6. cxd5 Nxd5 7. Nxd5 Bxd5 8.
e4 Bb7 9. Bd3 c5 10. Be3 Qc7 11. b4 Nd7 12. bxc5 bxc5 13. dxc5 Nxc5 14. O-O Rc8
15. Rfc1 Be7 16. Bb5+ Bc6 17. Ba6 Bxe4 18. Qxe4 Nxe4 19. Rxc7 Rxc7 20. Bb5+ Kf8
21. Rc1 Rxc1+ 22. Bxc1 f5 23. Ne5 Bd6 24. Bb2 Bxe5 25. Bxe5 Kf7 26. f3 Nf6 27.
Bd4 h6 28. Bxa7 Ra8 29. Bd4 Rxa2 30. h3 g5 31. Bc6 g4 32. f4 gxh3 33. gxh3 Ra3
34. Bg2 Ra4 35. Bxf6 Kxf6 36. Bf3 Rxf4 37. Kg2 e5 38. Kg3 Kg5 39. h4+ Rxh4
{White resigns} 0-1

[Event "Team 45 45 League T46"]
[Site "Internet Chess Club"]
[Date "2010.08.30"]
[Round "4"]
[White "ticopatzer"]
[Black "MateIn42"]
[Result "1-0"]
[WhiteElo "1557"]
[BlackElo "1420"]
[Opening "QGD Slav: 3.Nf3"]
[ECO "D11"]
[Time "22:00:28"]
[TimeControl "2700+45"]

1. d4 d5 2. c4 c6 3. Nf3 Nf6 4. g3 Bf5 5. cxd5 Nxd5 6. Bg2 Qd7 7. Ne5 Qe6 8. e4
Bxe4 9. Bxe4 f6 10. Qg4 Qd6 11. Qh5+ g6 12. Bxg6+ hxg6 13. Qxg6+ Kd8 14. Nf7+
Kc7 {Black resigns} 1-0

[Event "Team 45 45 League T46"]
[Site "Internet Chess Club"]
[Date "2010.08.29"]
[Round "4"]
[White "UsuallySleepy"]
[Black "lookatall65sqas"]
[Result "1-0"]
[WhiteElo "1801"]
[BlackElo "1388"]
[Opening "French: Tarrasch, closed variation"]
[ECO "C05"]
[Time "09:00:28"]
[TimeControl "2700+45"]

1. e4 e6 2. d4 d5 3. Nd2 Nf6 4. e5 Nfd7 5. Bd3 c5 6. c3 cxd4 7. cxd4 f6 8. Qh5+
Ke7 9. Ngf3 h6 10. O-O Nc6 11. Nh4 Rg8 12. Ng6+ Ke8 13. Nh8+ g6 14. Nxg6 Nxd4
15. Nh8+ {Black resigns} 1-0

[Event "Team 45 45 League T46"]
[Site "Internet Chess Club"]
[Date "2010.08.27"]
[Round "4"]
[White "IanT"]
[Black "sdcohle"]
[Result "0-1"]
[WhiteElo "1368"]
[BlackElo "1435"]
[Opening "French: exchange variation"]
[ECO "C01"]
[Time "22:00:29"]
[TimeControl "2700+45"]

1. e4 e6 2. d4 d5 3. exd5 exd5 4. c4 Nf6 5. Bg5 Be6 6. Qb3 b6 7. Nc3 dxc4 8.
Bxc4 Bxc4 9. Qxc4 Be7 10. Nf3 O-O 11. O-O Qd7 12. Rfe1 Nc6 13. Rad1 h6 14. Bh4
Nh7 15. Bxe7 Nxe7 16. Qe2 Rfe8 17. Qd3 Nf6 18. Ne4 Ned5 19. Nxf6+ Nxf6 20. Ne5
Qe7 21. h3 Qd6 22. Nc4 Qb4 23. Qc3 Qb5 24. b3 Qc6 25. Qd3 Rad8 26. Rxe8+ Rxe8
27. d5 Qd7 28. d6 c6 29. a4 Nd5 30. Ne3 Qxd6 31. Nxd5 cxd5 32. g3 Rd8 33. Qd4
Qe6 34. Kg2 f6 35. Qe3 Kf7 36. b4 Qxe3 37. fxe3 Ke6 38. Kf3 Rc8 39. Rd4 Rc4 40.
Rxc4 dxc4 41. Ke4 a6 42. b5 axb5 43. axb5 g5 44. Kd4 Kd6 45. Kxc4 f5 46. Kd4 h5
47. h4 g4 48. e4 fxe4 49. Kxe4 Kc5 50. Kf5 Kxb5 51. Kg5 Kc4 52. Kxh5 b5 53. Kg5
b4 54. h5 b3 55. h6 b2 56. h7 b1=Q 57. h8=Q Qc1+ 58. Kxg4 Qd1+ 59. Kf4 Qd2+ 60.
Kg4 Qe2+ 61. Kh4 Qh2+ {White resigns} 0-1

[Event "Team 45 45 League T46"]
[Site "Internet Chess Club"]
[Date "2010.08.28"]
[Round "4"]
[White "dabodhi"]
[Black "GiulioCre"]
[Result "0-1"]
[WhiteElo "1187"]
[BlackElo "1368"]
[Opening "Sicilian: Grand Prix attack"]
[ECO "B23"]
[Time "15:30:20"]
[TimeControl "2700+45"]

1. e4 c5 2. Nc3 Nc6 3. f4 e6 4. Nf3 d5 5. Bb5 d4 6. Ne5 dxc3 7. Nxc6 bxc6 8.
Bxc6+ Bd7 9. Bxa8 cxd2+ 10. Bxd2 Qxa8 11. Qe2 Nf6 12. e5 Qe4 13. Qxe4 Nxe4 14.
Be3 Be7 15. Rd1 Bb5 16. Rc1 a5 17. c4 Ba6 18. Ke2 f6 19. Kd3 f5 20. Rhd1 O-O 21.
Kc2 Bxc4 22. b3 Bd5 23. Kb2 Rb8 24. Ka1 Rb4 25. Rd3 c4 26. bxc4 Bxc4 27. Rd7 Bf8
28. Ra7 Ra4 29. Rc2 Bd3 30. Rc8 Rb4 31. a3 Rb1+ 32. Ka2 Rb5 33. Rd7 Bb1+ 34. Ka1
h6 35. Rdd8 Kh7 36. Rxf8 Bd3 37. Rfd8 Rb1+ 38. Ka2 Rd1 39. Re8 Re1 40. Bd4 Re2+
41. Bb2 Rxg2 42. h4 h5 43. Rxe6 Nd2 44. Re7 Bb1+ 45. Ka1 Rg1 46. Rb8 Bd3+ 47.
Bc1 Rxc1+ {White forfeits on time} 0-1

[Event "Team 45 45 League T46"]
[Site "Internet Chess Club"]
[Date "2010.08.30"]
[Round "4"]
[White "az2112"]
[Black "randallsr"]
[Result "1-0"]
[WhiteElo "1756"]
[BlackElo "1688"]
[Opening "French: Tarrasch"]
[ECO "C03"]
[Time "21:00:17"]
[TimeControl "2700+45"]

1. e4 e6 2. d4 d5 3. Nd2 dxe4 4. Nxe4 Nf6 5. Bd3 Bd7 6. Nf3 Be7 7. O-O h6 8.
Nxf6+ Bxf6 9. c3 Bc6 10. Bf4 Nd7 11. Re1 Nb6 12. Ne5 Bd7 13. Qh5 Bxe5 14. Qxe5
f6 15. Bg6+ Ke7 16. Qc5# {Black checkmated} 1-0

[Event "Team 45 45 League T46"]
[Site "Internet Chess Club"]
[Date "2010.08.27"]
[Round "4"]
[White "Giacometti"]
[Black "daniguti"]
[Result "0-1"]
[WhiteElo "1703"]
[BlackElo "1559"]
[Opening "Bird's opening"]
[ECO "A03"]
[Time "20:01:51"]
[TimeControl "2700+45"]

1. f4 d5 2. Nf3 g6 3. e3 Bg7 4. Be2 Nh6 5. O-O O-O 6. d3 b6 7. Nc3 Bb7 8. Qe1 c5
9. Ne5 Nd7 10. Ng4 Nf5 11. Nxd5 Bxd5 12. e4 Nd4 13. exd5 Nxc2 14. Qh4 Nxa1 15.
f5 h5 16. Nh6+ Kh8 17. g4 Bd4+ 18. Kh1 Ne5 19. h3 Qxd5+ 20. Kh2 Nc2 21. gxh5
gxf5 22. Rxf5 f6 23. Qf4 Qxa2 24. Ng4 Qg8 25. Qe4 Nxg4+ 26. hxg4 e6 27. Rf1 Be5+
28. Kh1 Qh7 29. Qg2 Nd4 30. Bf3 Nxf3 31. Qxf3 Rad8 32. Qe3 Rxd3 33. Qxe5 fxe5
{White resigns} 0-1

[Event "Team 45 45 League T46"]
[Site "Internet Chess Club"]
[Date "2010.08.29"]
[Round "4"]
[White "JABalin"]
[Black "badmove"]
[Result "1-0"]
[WhiteElo "1808"]
[BlackElo "1701"]
[Opening "Ruy Lopez: closed, Chigorin, 12...Nc6"]
[ECO "C98"]
[Time "16:00:35"]
[TimeControl "2700+45"]

1. e4 e5 2. Nf3 Nc6 3. Bb5 a6 4. Ba4 Nf6 5. O-O Be7 6. Re1 b5 7. Bb3 d6 8. c3
O-O 9. h3 Na5 10. Bc2 c5 11. d4 Qc7 12. Nbd2 Nc6 13. d5 Nd8 14. Nf1 Ne8 15. Ng3
g6 16. Bh6 Ng7 17. Qd2 f6 18. a4 Rb8 19. axb5 axb5 20. b4 c4 21. Ra2 Nf7 22.
Bxg7 Kxg7 23. Rea1 Nh6 24. Ra7 Rb7 25. Qe3 Rf7 26. Rxb7 Qxb7 27. Qa7 Qxa7 28.
Rxa7 Bd8 29. Ra8 Rc7 30. Rb8 Be7 31. Rxb5 f5 32. exf5 gxf5 33. Rb8 e4 34. Nd4
Bd7 35. b5 Bf6 36. b6 Rc8 37. Rb7 {Black resigns} 1-0

[Event "Team 45 45 League T46"]
[Site "Internet Chess Club"]
[Date "2010.08.30"]
[Round "4"]
[White "medsurg"]
[Black "P-K4"]
[Result "0-1"]
[WhiteElo "1261"]
[BlackElo "1446"]
[Opening "Sicilian: closed"]
[ECO "B23"]
[Time "18:05:06"]
[TimeControl "2700+45"]

1. e4 c5 2. Nc3 g6 3. f4 Bg7 4. Nf3 Nc6 5. Bb5 Nd4 6. O-O e6 7. a4 Ne7 8. e5 O-O
9. Nxd4 cxd4 10. Ne2 a6 11. Bd3 Nc6 12. c3 dxc3 13. dxc3 f6 14. exf6 Bxf6 15.
Qe1 Rb8 16. Kh1 Qb6 17. Qg3 d6 18. b4 Qc7 19. Rf3 Bg7 20. Be3 Nxb4 21. Bxg6 hxg6
22. Bd4 Nc6 23. Qxg6 Nxd4 24. Nxd4 Qf7 25. Qxf7+ Rxf7 26. Rd1 e5 27. Ne2 Bg4
{White resigns} 0-1

[Event "Team 45 45 League T46"]
[Site "Internet Chess Club"]
[Date "2010.08.28"]
[Round "4"]
[White "Grenadier"]
[Black "whale5970"]
[Result "1-0"]
[WhiteElo "1751"]
[BlackElo "1815"]
[Opening "Sicilian: closed"]
[ECO "B23"]
[Time "09:00:44"]
[TimeControl "2700+45"]

1. e4 c5 2. Nc3 e6 3. f4 d5 4. e5 Nh6 5. Nf3 Be7 6. Be2 O-O 7. O-O Nf5 8. d3 Bd7
9. Bd2 Qb6 10. b3 Nc6 11. Na4 Qc7 12. c4 a6 13. Nc3 d4 14. Ne4 a5 15. g4 Nh6 16.
g5 Nf5 17. Kh1 Nb4 18. Rg1 Bc6 19. Qf1 Nc2 20. Rc1 Nce3 21. Qh3 Kh8 22. Bxe3
Nxe3 23. Rg3 Rad8 24. Nf6 gxf6 25. gxf6 Rg8 26. Rcg1 Rg6 27. Rxg6 fxg6 28. Rxg6
Nf5 29. fxe7 Qxe7 30. Kg1 Qf7 31. Rf6 Qg7+ 32. Kf2 Rf8 33. Ng5 Rxf6 34. exf6 Qc7
35. Nxe6 Qf7 36. Qxf5 Bd7 37. Bg4 h5 38. Bh3 Kg8 39. Qg5+ Kh8 40. Qh6+ Kg8 41.
Ng5 {Black resigns} 1-0

[Event "Team 45 45 League T46"]
[Site "Internet Chess Club"]
[Date "2010.08.29"]
[Round "4"]
[White "check-man"]
[Black "GoIrish"]
[Result "1-0"]
[WhiteElo "1662"]
[BlackElo "1560"]
[Opening "English, 1...Nf6 (Anglo-Indian defense)"]
[ECO "E62"]
[Time "21:00:11"]
[TimeControl "2700+45"]

1. c4 Nf6 2. g3 g6 3. Bg2 Bg7 4. Nc3 O-O 5. Nf3 d6 6. d4 Na6 7. O-O c5 8. d5 Rb8
9. Re1 Nc7 10. e4 Bg4 11. h3 Bxf3 12. Qxf3 b5 13. Qd3 bxc4 14. Qxc4 Qd7 15. Rb1
Nb5 16. Nxb5 Rxb5 17. Bd2 Rfb8 18. b3 Qd8 19. Bf1 Nd7 20. Qa4 Ne5 21. Bxb5 Nf3+
22. Kg2 Nxd2 23. Rbd1 Bc3 24. Re2 Qb6 25. Bc6 Nxb3 26. axb3 Qxb3 27. Qxb3 Rxb3
28. Re3 c4 29. Rc1 Bd2 30. Rxb3 cxb3 31. Rb1 a5 32. Rxb3 Bb4 33. f4 Kg7 34. g4
{Black resigns} 1-0

[Event "Team 45 45 League T46"]
[Site "Internet Chess Club"]
[Date "2010.08.28"]
[Round "4"]
[White "Esslinger"]
[Black "mmf00"]
[Result "0-1"]
[WhiteElo "1394"]
[BlackElo "1579"]
[Opening "Nimzo-Indian: Leningrad variation"]
[ECO "E30"]
[Time "14:00:50"]
[TimeControl "2700+45"]

1. d4 Nf6 2. c4 e6 3. Nc3 Bb4 4. Bg5 d5 5. e3 Bxc3+ 6. bxc3 O-O 7. Nf3 b6 8. Bd3
Bb7 9. O-O Nbd7 10. Ne5 Qc8 11. Nxd7 Nxd7 12. Qc2 h6 13. Bh4 c5 14. f4 dxc4 15.
Bxc4 Qc6 16. Qe2 Rac8 17. Bb5 Qc7 18. f5 Rfe8 19. f6 g6 20. Qf2 a6 21. Bg3 Qd8
22. Bxd7 Qxd7 23. Bf4 g5 24. Qg3 Kh7 25. Be5 Qd5 26. h3 cxd4 27. Bxd4 e5 28.
Bxb6 Rxc3 29. Rfd1 Qc6 30. Ba5 Rxe3 31. Qf2 Qe4 32. Rd7 Re2 {White forfeits on
time} 0-1

[Event "Team 45 45 League T46"]
[Site "Internet Chess Club"]
[Date "2010.08.27"]
[Round "4"]
[White "juniorVishy"]
[Black "kingsrook"]
[Result "1-0"]
[WhiteElo "1542"]
[BlackElo "1239"]
[Opening "QGD Slav: Slav gambit"]
[ECO "D15"]
[Time "18:00:15"]
[TimeControl "2700+45"]

1. d4 d5 2. c4 c6 3. Nc3 Nf6 4. Nf3 dxc4 5. e4 b5 6. Bf4 e6 7. a3 Be7 8. Be2 Bb7
9. O-O Nbd7 10. Na2 a5 11. Qc2 O-O 12. a4 Qb6 13. h3 h6 14. Be3 Qc7 15. axb5
cxb5 16. b3 Bxe4 17. Qc1 Bd5 18. Nd2 Nb6 19. Qc3 Rfc8 20. Rfc1 Ne4 21. Qc2 Nf6
22. Rab1 Qc6 23. bxc4 Nxc4 24. Nxc4 Bxc4 25. Bd2 Qc7 26. Bxc4 bxc4 27. Qa4 Nd5
28. Rb5 Nb6 29. Qd1 Qc6 30. Rcb1 Bd8 31. Bxa5 Rcb8 32. Nc3 Ra6 33. Na4 Rba8 34.
Bxb6 Rxb6 35. Nxb6 Rb8 36. Rc5 Qd6 37. Nxc4 Rxb1 38. Qxb1 Qxd4 39. Rc8 g6 40.
Qb6 Qd1+ 41. Kh2 {Black resigns} 1-0

[Event "Team 45 45 League T46"]
[Site "Internet Chess Club"]
[Date "2010.08.28"]
[Round "4"]
[White "theophilus"]
[Black "Monsoon-Smith"]
[Result "1-0"]
[WhiteElo "2226"]
[BlackElo "2123"]
[Opening "King's Indian: fianchetto, classical variation, 8.e4"]
[ECO "E68"]
[Time "09:01:24"]
[TimeControl "2700+45"]

1. d4 Nf6 2. c4 g6 3. Nc3 Bg7 4. g3 O-O 5. Bg2 d6 6. Nf3 Nbd7 7. O-O e5 8. e4 a6
9. Qc2 exd4 10. Nxd4 Re8 11. Rd1 Rb8 12. h3 c5 13. Nf3 b5 14. Bf4 b4 15. Bxd6
bxc3 16. Bxb8 cxb2 17. Rab1 Nxe4 18. Be5 Rxe5 19. Nxe5 Nxf2 20. Nxf7 Qf6 21. Rd2
Nxh3+ 22. Bxh3 Qxf7 23. Qe4 {Black resigns} 1-0

[Event "Team 45 45 League T46"]
[Site "Internet Chess Club"]
[Date "2010.08.27"]
[Round "4"]
[White "Freitac"]
[Black "chess92192"]
[Result "1-0"]
[WhiteElo "1917"]
[BlackElo "2074"]
[Opening "QGD semi-Slav: Stoltz variation"]
[ECO "D45"]
[Time "19:01:40"]
[TimeControl "2700+45"]

1. d4 d5 2. c4 c6 3. Nc3 e6 4. e3 Nf6 5. Nf3 Nbd7 6. Qc2 Be7 7. g4 O-O 8. g5 Ne8
9. Bd3 f5 10. gxf6 Nexf6 11. Ng5 Nb6 12. Bxh7+ Kh8 13. c5 Ng4 14. Bg8 Nf6 15.
Nf7+ Rxf7 16. Bxf7 Nc4 17. b3 Na5 18. Rg1 Qf8 19. Qg6 Ng8 20. e4 Nh6 21. Bxh6
gxh6 22. Bg8 {Black resigns} 1-0

[Event "Team 45 45 League T46"]
[Site "Internet Chess Club"]
[Date "2010.09.04"]
[Round "4"]
[White "hewdondada"]
[Black "Uragon-bocho"]
[Result "1/2-1/2"]
[WhiteElo "1854"]
[BlackElo "2019"]
[Opening "QGD: exchange, positional line, 5...c6"]
[ECO "D35"]
[Time "06:09:50"]
[TimeControl "2700+45"]

1. d4 e6 2. c4 d5 3. Nc3 Nf6 4. cxd5 exd5 5. Bg5 c6 6. Nf3 Be7 7. Qc2 h6 8. Bh4
Be6 9. e3 Nbd7 10. a3 a5 11. Be2 b5 12. O-O O-O 13. Rfd1 Qb6 14. Ne5 Bd8 15.
Nxd7 Nxd7 16. Bxd8 Raxd8 17. b4 a4 18. Rac1 f5 19. Na2 Rc8 20. Rd3 f4 21. Rc3
Nb8 22. Rc5 Qd8 23. Bf3 fxe3 24. fxe3 Qg5 25. Qf2 Bg4 26. Kh1 Bxf3 27. gxf3 Rce8
28. R5c3 Rf6 29. Rg1 Qf5 30. f4 Nd7 31. Nc1 Nb6 32. Qg2 Re7 33. Nd3 Nc4 34. Ne5
Kh7 35. h3 Rfe6 36. Qg4 Qf6 37. Rg3 Nd2 38. Rd3 Ne4 39. Rg2 g6 40. Rd1 Rg7 41.
Qf3 Qf5 42. Rc1 Rc7 43. Rgc2 h5 44. Kh2 Qf6 45. Rf1 Qf5 46. Rfc1 Rf6 47. Rxc6
Rfxc6 48. Rxc6 Rxc6 49. Nxc6 Ng5 50. Qg2 Nf3+ 51. Qxf3 Qc2+ 52. Qg2 Qxc6 53. Qd2
Qc4 54. Kg2 Qb3 55. Qc1 h4 56. Kf3 Qd3 57. Kg4 Qe2+ 58. Kxh4 Qf2+ 59. Kg4 Kh6
60. Qh1 Qxe3 61. Qxd5 Qg1+ 62. Kh4 Qf2+ 63. Kg4 Qg1+ 64. Kh4 Qf2+ 65. Kg4 Qg1+
66. Kh4 Qe1+ 67. Kg4 Qg1+ {Game drawn by repetition} 1/2-1/2

[Event "Team 45 45 League T46"]
[Site "Internet Chess Club"]
[Date "2010.08.30"]
[Round "4"]
[White "Terte"]
[Black "eurander"]
[Result "1/2-1/2"]
[WhiteElo "2037"]
[BlackElo "2167"]
[Opening "Caro-Kann: advance variation"]
[ECO "B12"]
[Time "12:03:40"]
[TimeControl "2700+45"]

1. e4 c6 2. d4 d5 3. e5 c5 4. c3 Nc6 5. Be3 cxd4 6. cxd4 Bf5 7. Bd3 Bxd3 8. Qxd3
e6 9. Ne2 Nge7 10. Ng3 h5 11. O-O h4 12. Ne2 Nf5 13. a3 f6 14. Nf4 Kf7 15. g4
hxg3 16. fxg3 Nxe3 17. Qxe3 Qb6 18. Nxe6 Nxe5 19. Qxe5 Qxe6 20. Qxe6+ Kxe6 21.
Nc3 a6 22. Rae1+ Kf7 23. Rf5 Rc8 24. Rxd5 Bxa3 25. Rd7+ Kg6 26. Rxb7 Bxb2 27.
Rxb2 {Game drawn by mutual agreement} 1/2-1/2

[Event "Team 45 45 League T46"]
[Site "Internet Chess Club"]
[Date "2010.08.26"]
[Round "4"]
[White "azbycx"]
[Black "BadHabitMarco"]
[Result "0-1"]
[WhiteElo "1884"]
[BlackElo "1989"]
[Opening "Queen's pawn game, Darooha variation "]
[ECO "D02"]
[Time "19:02:15"]
[TimeControl "2700+45"]

1. d4 d5 2. Nf3 Nf6 3. g3 c5 4. Bg2 cxd4 5. O-O Nc6 6. Nxd4 e5 7. Nxc6 bxc6 8.
c4 Bb7 9. Qa4 Qd7 10. Rd1 d4 11. b4 Be7 12. e3 O-O 13. Bb2 d3 14. Bxe5 Qf5 15.
f4 Ng4 16. Bd4 Bf6 17. Qa5 Qxa5 18. bxa5 Nxe3 19. Rxd3 Bxd4 20. Rxd4 Nc2 21. Rd1
Nxa1 22. Na3 Rab8 23. Rxa1 c5 24. Bf1 Be4 25. Nb5 a6 26. Nc7 Rfc8 27. Nxa6 Ra8
28. Re1 f5 29. Bh3 g6 30. g4 Rxa6 31. gxf5 Bxf5 32. Bg2 Rxa5 33. Re7 Rxa2 34.
Bd5+ Kh8 {White resigns} 0-1

[Event "Team 45 45 League T46"]
[Site "Internet Chess Club"]
[Date "2010.08.29"]
[Round "4"]
[White "poni"]
[Black "tourettes"]
[Result "1-0"]
[WhiteElo "1937"]
[BlackElo "1454"]
[Opening "English opening"]
[ECO "A05"]
[Time "12:17:36"]
[TimeControl "2700+45"]

1. Nf3 Nf6 2. c4 e6 3. Nc3 c5 4. g3 Be7 5. Bg2 O-O 6. O-O d6 7. d4 Na6 8. e4
cxd4 9. Nxd4 Nc5 10. Qe2 Ncd7 11. Be3 Ne5 12. h3 Qc7 13. b3 a6 14. Rac1 Bd7 15.
f4 Ng6 16. Qf2 Rac8 17. g4 Bc6 18. Nxc6 bxc6 19. g5 Nd7 20. h4 Rfe8 21. h5 Ngf8
22. Bh3 g6 23. f5 Ne5 24. Qh4 Bd8 25. hxg6 fxg6 26. f6 Qf7 27. Rcd1 Bc7 28. Ne2
Rcd8 29. Nf4 d5 30. exd5 exd5 31. cxd5 cxd5 32. Bc5 Ned7 33. Be7 Rb8 34. Nxd5
Be5 35. Rfe1 Rbc8 36. Bxf8 Kxf8 37. Qh6+ Kg8 38. Bxd7 Qxd7 39. Ne7+ Rxe7 40.
Rxd7 Bh2+ 41. Kxh2 Rc2+ 42. Kg3 Rc3+ 43. Kf4 {Black resigns} 1-0

[Event "Team 45 45 League T46"]
[Site "Internet Chess Club"]
[Date "2010.08.29"]
[Round "4"]
[White "b-spot"]
[Black "koni"]
[Result "1/2-1/2"]
[WhiteElo "1748"]
[BlackElo "1827"]
[Opening "Old Indian defense"]
[ECO "A42"]
[Time "12:00:28"]
[TimeControl "2700+45"]

1. d4 d6 2. c4 e5 3. dxe5 dxe5 4. Qxd8+ Kxd8 5. Nc3 Be6 6. b3 c6 7. Bb2 f6 8. g3
Kc7 9. Bg2 Nd7 10. Nf3 a5 11. O-O Nh6 12. Rfd1 Bc5 13. e3 Nf7 14. Rac1 g5 15.
Ne4 Be7 16. Nfd2 g4 17. c5 f5 18. Nd6 Bxd6 19. cxd6+ Nxd6 20. f4 Rhe8 21. fxe5
Nf7 22. Nc4 Bxc4 23. Rxc4 Ndxe5 24. Rf4 Nh6 25. Rfd4 Nhf7 26. Rf4 Nd6 27. Kf2
Rad8 28. Bc3 Ne4+ 29. Rxe4 fxe4 30. Rxd8 Kxd8 31. Bxe4 b6 32. Bxh7 Kc7 33. Bf5
Kd6 34. Bxe5+ Kxe5 35. Bxg4 c5 36. Bf3 Rf8 37. Ke2 b5 38. h4 a4 39. Bc6 axb3 40.
axb3 Rb8 41. g4 Kd6 42. Be4 Rb6 43. h5 Ke5 44. Bd3 Kf6 45. h6 Kg5 46. h7 Rh6 47.
Bf5 Rh2+ 48. Kd3 Kf6 49. Ke4 c4 50. bxc4 b4 51. Kd4 Kg7 52. c5 b3 53. Kc3 b2 54.
c6 Rh6 55. Kxb2 Rxc6 56. e4 Rd6 57. Kc3 Rd8 58. e5 Re8 59. Kd4 Kh6 60. e6 Kg5
61. Ke5 Rb8 62. Kd6 Kf6 63. Kc7 Ra8 64. Kd7 Ra7+ 65. Kc6 Ra8 66. Kb7 Rh8 67. Kc7
Ra8 {Game drawn by mutual agreement} 1/2-1/2

[Event "Team 45 45 League T46"]
[Site "Internet Chess Club"]
[Date "2010.08.27"]
[Round "4"]
[White "Magagna"]
[Black "JWB"]
[Result "1-0"]
[WhiteElo "1864"]
[BlackElo "1699"]
[Opening "Grünfeld: Stockholm variation"]
[ECO "D80"]
[Time "10:23:02"]
[TimeControl "2700+45"]

1. d4 Nf6 2. c4 g6 3. Nc3 d5 4. Bg5 Ne4 5. Nxe4 dxe4 6. e3 Bg7 7. Qc2 c5 8.
O-O-O cxd4 9. exd4 Qa5 10. h4 f5 11. Kb1 Nc6 12. Bd2 Qc7 13. Bc3 e5 14. Ne2 exd4
15. Nxd4 Nxd4 16. Bxd4 Bxd4 17. Rxd4 Be6 18. Be2 O-O 19. Rhd1 Rfd8 20. Qd2 Rxd4
21. Qxd4 a6 22. h5 Rc8 23. hxg6 hxg6 24. Rh1 Qg7 25. Qb6 Qf7 26. Qd4 Qg7 27. Qd6
Qf7 28. Qe5 Kf8 29. Rh8+ Ke7 30. Rxc8 {Black resigns} 1-0

[Event "Team 45 45 League T46"]
[Site "Internet Chess Club"]
[Date "2010.08.28"]
[Round "4"]
[White "BenjaminSisko"]
[Black "slowdown"]
[Result "0-1"]
[WhiteElo "1522"]
[BlackElo "1675"]
[Opening "Scotch gambit"]
[ECO "C44"]
[Time "19:07:49"]
[TimeControl "2700+45"]

1. e4 e5 2. Nf3 Nc6 3. d4 exd4 4. Bc4 Bc5 5. c3 dxc3 6. Bxf7+ Kxf7 7. Qd5+ Ke8
8. Qxc5 Qe7 9. Qxe7+ Ngxe7 10. Nxc3 Ng6 11. O-O d6 12. Nd5 Kd7 13. b4 Nce5 14.
Nxe5+ Nxe5 15. Bb2 Rg8 16. Ne3 Nd3 17. Bc3 c6 18. Rad1 Nf4 19. Be5 Ne2+ 20. Kh1
b6 21. Rxd6+ Ke7 22. Rxc6 Ba6 23. Re1 Rgd8 24. Nf5+ Kf8 25. Bxg7+ Kg8 26. Bf6
Rd2 27. a4 Bb7 28. Rc7 Bxe4 29. Rg7+ Kf8 30. Rxh7 Kg8 31. Rg7+ Kf8 32. Ng3 Nxg3+
33. hxg3 Bc2 34. a5 Rxf2 35. Bc3 Rc8 36. Bd4 Rd2 37. Rg4 bxa5 38. bxa5 Rc7 39.
Rf4+ Kg8 40. Re8+ Kh7 41. Rh8+ Kg6 42. Rg8+ Kh7 43. Rgg4 Kh6 44. Be3 Rd1+ 45.
Rf1+ Kh7 46. Rxd1 Bxd1 47. Rg5 a6 48. Kg1 Rg7 49. Rh5+ Bxh5 {White resigns} 0-1

[Event "Team 45 45 League T46"]
[Site "Internet Chess Club"]
[Date "2010.08.30"]
[Round "4"]
[White "ILRE"]
[Black "rayngrant"]
[Result "1-0"]
[WhiteElo "1507"]
[BlackElo "1562"]
[Opening "French: King's Indian attack"]
[ECO "C00"]
[Time "20:01:43"]
[TimeControl "2700+45"]

1. e4 e6 2. d3 d5 3. Nd2 c5 4. Ngf3 Nc6 5. g3 Nf6 6. Bg2 Be7 7. O-O O-O 8. e5
Nd7 9. Re1 Qc7 10. Qe2 b5 11. h4 a5 12. Nf1 c4 13. d4 b4 14. c3 bxc3 15. bxc3
Nb6 16. Bf4 Rb8 17. Rab1 Bd7 18. Ne3 Na4 19. Qc2 Na7 20. Nxd5 exd5 21. e6 Qc6
22. Bxb8 {Black resigns} 1-0

[Event "Team 45 45 League T46"]
[Site "Internet Chess Club"]
[Date "2010.08.30"]
[Round "4"]
[White "peterdiplaros"]
[Black "Helaman"]
[Result "0-1"]
[WhiteElo "1438"]
[BlackElo "1466"]
[Opening "Queen's pawn: stonewall attack"]
[ECO "D00"]
[Time "22:00:18"]
[TimeControl "2700+45"]

1. d4 d5 2. e3 Nf6 3. Bd3 g6 4. Ne2 Bg7 5. Ng3 c5 6. c3 Nc6 7. Nd2 cxd4 8. exd4
O-O 9. Nf3 Bg4 10. Bf4 Re8 11. h3 Bxf3 12. Qxf3 e5 13. dxe5 Nxe5 14. Bxe5 Rxe5+
15. Kd2 Ne4+ 16. Kc2 Nxg3 17. fxg3 Qe7 18. Rhf1 f5 19. Rad1 Kh8 20. h4 Rd8 21.
h5 d4 22. hxg6 dxc3 23. bxc3 Qa3 24. Qxb7 Re2+ 25. Bxe2 Qxc3+ 26. Kb1 Qa1+ 27.
Kc2 Qxa2+ 28. Kc1 Qa3+ 29. Kc2 Qc3+ 30. Kb1 Rc8 31. Bd3 Qa1# {White checkmated}
0-1